 Dungeon Crawl Stone Soup version 0.23-a0-313-gf30bb39 (webtiles) character file.

10 beep the Sneak (level 2, 0/13 HPs)
             Began as a Spriggan Enchanter on Oct 12, 2018.
             Slain by a kobold
             ... wielding a +0 short sword
              (3 damage)
             ... on level 1 of the Dungeon.
             The game lasted 00:01:12 (238 turns).

beep the Sneak (Spriggan Enchanter)                  Turns: 238, Time: 00:01:12

Health: 0/13       AC:  2    Str:  4    XL:     2   Next: 10%
Magic:  6/6        EV: 18    Int: 16    God:
Gold:   10         SH:  0    Dex: 16    Spells: 5/6 levels left

rFire    . . .     SeeInvis +   a - +1 dagger
rCold    . . .     Gourm    .   (shield restricted)
rNeg     . . .     Faith    .   b - +0 robe
rPois    .         Spirit   .   (helmet restricted)
rElec    .         Reflect  .   (no cloak)
rCorr    .         Harm     .   (gloves unavailable)
MR       .....                  (boots unavailable)
Stlth    +++.......             (no amulet)
HPRegen  0.04/turn              (no ring)
MPRegen  0.10/turn              (no ring)

@: very quick
A: very small, unfitting armour, see invisible, herbivore, speed 3, slow
metabolism 2
a: no special abilities


You were on level 1 of the Dungeon.
You were not hungry.

You visited 1 branch of the dungeon, and saw 1 of its levels.

You collected 10 gold pieces.

Inventory:

Hand Weapons
 a - a +1 dagger (weapon)
Armour
 b - a +0 robe (worn)
Jewellery
 e - an uncursed ring of magical power {unknown}
 f - an uncursed ring of protection from fire {unknown}
Comestibles
 d - a ration


   Skills:
 + Level 0.2 Fighting
 * Level 1.5 Short Blades
 + Level 3.1 Dodging
 + Level 4.5 Stealth
 + Level 2.8 Spellcasting
 * Level 3.8 Hexes


You had 5 spell levels left.
You knew the following spells:

 Your Spells              Type           Power        Failure   Level  Hunger
a - Corona                Hex            ##.....      4%          1    #......

Your spell library contained the following spells:

 Spells                   Type           Power        Failure   Level  Hunger
 Confuse                  Hex            ##......     12%         3    ###....
 Tukima's Dance           Hex            ##......     12%         3    ###....
 Ensorcelled Hibernation  Hex/Ice        #.....       13%         2    ##.....
 Dazzling Spray           Conj/Hex       #.....       26%         3    ###....


Dungeon Overview and Level Annotations

Branches:
Dungeon (1/15)

Altars:


Innate Abilities, Weirdness & Mutations

You are very small and have problems with some larger weapons.
You are too small for most types of armour.
You have supernaturally acute eyesight. (SInv)
You are a herbivore.
You cover ground extremely quickly.
You need to consume almost no food.


Message History

You take 5 damage.
Casting: Corona (safe; 4% risk of failure)
Confirm with . or Enter, or press ? or * to list all spells.
Aiming: Corona (safe; 4% risk of failure)
Press: ? - help, Shift-Dir - straight line, f - hobgoblin
Aim: a hobgoblin (chance to defeat MR: 68%)
The hobgoblin is outlined in light.
The hobgoblin hits you.
* * * LOW HITPOINT WARNING * * *
You take 5 damage.
Press: ? - help, v - describe, . - travel
Here: a kobold, wielding a short sword (fast)
The floor.
You aren't carrying any scrolls.
Unknown command.
It was a potion of magic.
Magic courses through your body. The kobold closely misses you.
The kobold misses you.
Unknown command.
You aren't carrying any scrolls.
The kobold hits you with a short sword.
You die...

###### #....# #....#
#....# #....# #....#
......#....# ..
......#..K@### .(.
#....!#......# ...
##gKs..#..g...#
....##......##.g...#
. .........##.[...#
## #......+..s...#
.# #......#.#.##.#
## #..........# .# #
#.##..#.#### .#


You could see a giant cockroach, a hobgoblin, a goblin and a kobold.

Vanquished Creatures
  A dart slug (D:1)
  A bat (D:1)
  2 goblins (D:1)
  A hobgoblin (D:1)
  2 kobolds (D:1)
  A rat (D:1)
8 creatures vanquished.

Notes
Turn   | Place    | Note
-------+----------+-------------------------------------------
     0 | D:1      | beep the Spriggan Enchanter began the quest for the Orb.
     0 | D:1      | Reached XP level 1. HP: 9/9 MP: 5/5
   117 | D:1      | Reached XP level 2. HP: 10/13 MP: 4/6
   238 | D:1      | Slain by a kobold

Vault maps used:
D:1:      eino_arrival_tree_alley

Action                   || total
-------------------------++-------
Melee: Dagger            ||    25
 Cast: Corona            ||     4
  Use: Scroll            ||     2
       Potion            ||     1
 Stab: Sleeping          ||     3
Armor: Robe              ||     1
Dodge: Dodged            ||    22

Table legend:
 A = Non-vault XP
 B = Vault XP
 C = Vault XP percentage of total XP
 D = Non-vault monster count
 E = Vault monster count
 F = Vault count percentage of total count
                 A         B        C        D         E       F
            +---------+---------+-------+---------+---------+-------
      Total |      15 |       0 |   0.0 |       8 |       0 |   0.0
            +---------+---------+-------+---------+---------+-------
        D:1 |      15 |       0 |   0.0 |       8 |       0 |   0.0
            +---------+---------+-------+---------+---------+-------
